cohdb
Replays
Latest Replays
All Replays
Popular Replays
Top Player Replays
Match Explorer
How It Works
Community
CoH3 Stats
Reddit
Sign in to upload your games and track your stats! →
Sign in with Steam
Match 44500326
Unlisted
Match 44500326
Overview
Messages
Build Orders
End
Construct Infanterie Kompanie
Kettenkrad Recon Vehicle
MG 42 Machine Gun Team
Grenadier Squad
Grenadier Squad
MG 42 Machine Gun Team
Construct Panzergrenadier Kompanie
251 Medium Carrier
Pak 40 Anti-tank Gun Team
Construct Luftwaffe Kompanie
Jäger Squad
Jäger Squad
Selects Mechanized Battlegroup
Selects Raid Package
Selects Mobile Repair Stations
251 Medium Carrier
Fratley
IronDragon
Zero
skyhawkfranky
STALKER4732
SoyaLors
kit.ohume
Devochkin
0
0
Comments
sign in to comment!
No comments posted yet!